 Dungeon Crawl Stone Soup version 0.27.1-34-g3ba077fa99 (webtiles) character file.

Game seed: 11504485405396517761

60 boopmooplesden the Covered (level 3, -2/33 HPs)
             Began as a Minotaur Fighter on Jan 11, 2022.
             Slain by a scorpion (5 damage)
             ... on level 4 of the Dungeon.
             The game lasted 00:01:34 (1804 turns).

boopmooplesden the Covered (Minotaur Fighter)       Turns: 1804, Time: 00:01:35

Health: -2/33      AC:  8    Str: 21    XL:     3   Next: 82%
Magic:  2/2        EV:  7    Int:  5    God:
Gold:   30         SH:  9    Dex:  9    Spells: 2/2 levels left

rFire    . . .     SeeInvis .   a - +0 war axe
rCold    . . .     Faith    .   c - +0 kite shield
rNeg     . . .     Spirit   .   b - +0 scale mail
rPois    .         Reflect  .   (helmet restricted)
rElec    .         Harm     .   (no cloak)
rCorr    .         Rampage  .   (no gloves)
Will     .....                  j - +0 pair of boots
Stlth    ..........             (no amulet)
HPRegen  0.11/turn              (no ring)
MPRegen  0.08/turn              (no ring)

@: lethally poisoned (-2 -> -20)
A: horns 2, retaliatory headbutt
a: no special abilities


You were on level 4 of the Dungeon.
You visited 1 branch of the dungeon, and saw 4 of its levels.

You collected 30 gold pieces.

Inventory:

Hand Weapons
 a - a +0 war axe (weapon)
Armour
 b - a +0 scale mail (worn)
 c - a +0 kite shield (worn)
 j - a +0 pair of boots (worn)
Scrolls
 e - a scroll of vulnerability {unknown}
 f - a scroll of teleportation {unknown}
Potions
 d - a potion of might
 g - a potion of haste {unknown}
 h - a potion of cancellation {unknown}
 i - a potion of flight {unknown}
 k - a potion of mutation {unknown}


   Skills:
 + Level 3.9 Fighting
 + Level 3.5 Axes
 + Level 4.4 Armour
 + Level 0.6 Dodging
 + Level 4.0 Shields


You had 2 spell levels left.
You didn't know any spells.
Your spell library contained the following spells:

 Spells                   Type           Power      Damage    Failure   Level
 Static Discharge         Conj/Air       0%         N/A       100%        2
 Dispel Undead            Necr           0%         3d6       100%        4
 Sticky Flame             Conj/Fire      0%         2d3       100%        4


Dungeon Overview and Level Annotations

Branches:
Dungeon (3/15)

Altars:

Shops:
D:2 [

Annotations:
D:3 1 runed translucent door, DrStoges's ghost, amateur GnDe


Innate Abilities, Weirdness & Mutations

You have a pair of horns on your head.
You reflexively headbutt those who attack you in melee.


Message History

You fall into a shaft and drop 1 floor!
The shaft crumbles and collapses.
A kobold comes into view. It is wielding a +0 whip.
Found 3 gold pieces.
The kobold throws a stone.
You block the stone.
Found a metallic black potion.
The kobold hits you but does no damage.
You slash the kobold!
You kill the kobold!
Things that are here:
a +0 whip; 4 stones; a kobold corpse You now have 20 gold pieces (gained 3).
Found 10 gold pieces.
k - a metallic black potion You now have 30 gold pieces (gained 10).
A scorpion comes into view.
A scorpion is nearby!
A scorpion is nearby!
You block the scorpion's attack.
You completely miss the scorpion. The scorpion stings you.
You are poisoned.
The scorpion poisons you! The scorpion stings you.
You hit the scorpion.
The scorpion is moderately wounded.
You feel very sick. You block the scorpion's attack. The scorpion stings you.
You are more poisoned.
The scorpion poisons you!
You completely miss the scorpion. Your headbutt misses the scorpion.
The scorpion is moderately wounded.
You feel very sick. The scorpion stings you.
You are more poisoned.
The scorpion poisons you!
You hit the scorpion.
The scorpion is moderately wounded.
* * * LOW HITPOINT WARNING * * *
You feel extremely sick. You block the scorpion's attack.
The scorpion stings you.
You die...

#.##..##..........
#.##..##.##.####..
#.##..##..........
#...........####.)
#.##..##..### #..
.######.##..##..# #..
............##..# ###..
.######.##..............
.......@................
.######s##...#..######..
#.##...#..# #..
#........... ....
#..#..##. ## ##...
#..#..# .# #... #..# #.
#..#


You could see a scorpion.

Vanquished Creatures
  2 adders (D:2)
  4 dart slugs
  2 endoplasms
  2 giant cockroaches
  2 hobgoblins (D:2)
  4 ball pythons
  5 bats
  2 frilled lizards
  7 goblins
  4 kobolds
  4 rats
38 creatures vanquished.

Notes
Turn   | Place    | Note
-------+----------+-------------------------------------------
     0 | D:1      | boopmooplesden the Minotaur Fighter began the quest for the
                  | Orb.
     0 | D:1      | Reached XP level 1. HP: 19/19 MP: 0/0
    98 | D:1      | Found a faded altar of an unknown god.
   673 | D:1      | Reached XP level 2. HP: 27/27 MP: 1/1
  1155 | D:2      | Found Cupeidgh's Armour Emporium.
  1204 | D:2      | Reached XP level 3. HP: 23/33 MP: 2/2
  1649 | D:3      | Noticed DrStoges's ghost (amateur GnDe)
  1717 | D:3      | Found a runed translucent door.
  1765 | D:3      | You fall into a shaft and drop 1 floor!
  1798 | D:4      | Noticed a scorpion
  1804 | D:4      | Slain by a scorpion

Illustrated notes

Levels and vault maps discovered:
D:1:      dpeg_arrival_arbitrary_c, layout_loops_corners,
          ebering_ecumenical_altar_mist, chequers_serial_rivers_micro_c
D:2:      layout_loops_cross, serial_shops, nicolae_lakefront_shop
D:3:      layout_rooms, hellmonk_ghost_happy_afterlife, minmay_misc_feat_five
D:4:      old_forge, layout_basic, minmay_temple_entry_junction,
          uniq_crazy_yiuf_cottage, uniq_robin

Skill      XL: |  1  2  3 |
---------------+----------+-----
Armour         | 4 |  4.4
Shields        | 4 |  4.0
Axes           | 3 |  3.5
Fighting       | |  3.9
Dodging        | |  0.6

Action                   || total
-------------------------++-------
Melee: War axe           ||    75
       Headbutt          ||    11
Armor: Scale mail        ||    37
Dodge: Dodged            ||    19
Block: Kite shield       ||    50
